Map: Terrassen von Prion

Players

JahPastafari - Winner!

  • Race: Zerg Zerg
  • League: Platinum

Boy

  • Race: Terran Terran
  • League: Gold

VOD

Have the link to the VOD?

Description

Time

  • Played on: Nov. 29, 2015, 6:17 a.m.
  • Length: 13:45
Show
View Real Time Build Order
Export as new Build Order

JahPastafari Zerg - Winner!

Build Orders: Hatch First 

Get SALT Encoding   

  12  0:01  Drone  
  13  0:09  Drone  
  14  0:19  Overlord  
  14  0:28  Extractor  
  14  0:29  Drone, Extractor  
  14  0:30  Drone  
  16  0:38  Drone  
  17  0:56  Hatchery  
  16  0:58  Drone  
  17  1:10  Spawning Pool  
  16  1:14  Drone  
  16  1:17  Extractor  
  16  1:20  Drone  
  16  1:23  Drone  
  18  1:30  Overlord  
  18  1:43  Drone  
  19  1:51  Drone  
  20  1:57  Queen  
  22  2:05  Zergling x2  
  23  2:08  Queen  
  23  2:11  Drone x2  
  27  2:20  Drone  
  28  2:23  Drone  
  29  2:31  Roach Warren  
  28  2:37  Queen  
  30  2:51  Queen  
  30  2:57  Drone x4  
  36  2:59  Overlord  
  36  3:15  Evolution Chamber  
  36  3:16  Evolution Chamber  
  34  3:20  Drone  
  34  3:21  Drone x4  
  34  3:23  Drone  
  39  3:32  Spore Crawler  
  38  3:35  Spore Crawler  
  38  3:39  Drone  
  38  3:40  Drone x3  
  41  3:43  Extractor  
  41  3:44  Extractor  
  41  3:47  Overlord  
  39  3:56  Extractor  
  39  3:58  Drone  
  39  3:59  Drone x4  
  43  4:25  Zerg Ground Armor Level 1, Zerg Melee Weapons Level 1  
  43  4:26  Metabolic Boost  
  43  4:38  Drone x6  
  45  4:39  Drone x2  
  51  4:48  Zergling x2  
  52  4:53  Overlord  
  52  4:54  Overlord  
  52  4:56  Hatchery  
  51  5:12  Zergling x2  
  51  5:13  Zergling x8  
  56  5:19  Lair  
  56  5:52  Drone  
  56  5:53  Drone x9  
  56  5:54  Drone x2  
  56  5:55  Overlord  
  68  5:59  Hatchery  
  68  6:02  Extractor  
  68  6:03  Extractor  
  65  6:26  Extractor  
  65  6:28  Extractor  
  57  6:46  Queen  
  53  6:54  Drone x5  
  53  6:55  Drone x2  
  53  6:57  Zerg Ground Armor Level 2, Zerg Melee Weapons Level 2  
  59  7:05  Infestation Pit  
  59  7:08  Drone x5  
  59  7:09  Drone x2  
  64  7:23  Drone  
  64  7:24  Drone x3  
  64  7:28  Overseer  
  68  7:32  Roach  
  68  7:33  Overlord  
  68  7:34  Overlord x2  
  68  7:35  Overlord  
  70  7:53  Drone x3  
  70  7:57  Hive  
  73  8:03  Roach x6  
  73  8:04  Roach  
  87  8:09  Ravager  
  88  8:14  Drone x2  
  88  8:16  Drone  
  91  8:33  Zergling x2  
  93  8:34  Zergling x12  
  93  8:38  Roach x6  
  106  9:04  Ravager  
  106  9:05  Ravager x2  
  109  9:11  Ultralisk Cavern  
  109  9:12  Queen  
  101  9:38  Queen  
  99  9:46  Drone x4  
  99  9:47  Drone x3  
  99  9:48  Drone  
  99  9:49  Drone x3  
  110  10:03  Chitinous Plating  
  110  10:06  Zerg Ground Armor Level 3, Zerg Melee Weapons Level 3  
  110  10:08  Ultralisk  
  116  10:16  Overlord x4  
  116  10:17  Overlord  
  115  10:44  Ultralisk x3  
  115  10:45  Ultralisk x2  
  144  10:52  Adrenal Glands  
  138  11:07  Ultralisk  
  138  11:11  Zergling x4  
  145  11:13  Overlord  
  145  11:14  Overlord x6  
  113  12:03  Zergling x2  
  113  12:04  Zergling x14  
  113  12:05  Zergling x28  
  113  12:06  Zergling x20  
  134  12:16  Zergling x2  
  134  12:17  Zergling x2  
  104  12:57  Zergling x10  
  104  12:58  Zergling x8  
  110  13:06  Queen  
  110  13:08  Drone x3  
  110  13:09  Drone x2  
Show
View Real Time Build Order
Export as new Build Order

Boy Terran 

Build Orders: Bio Tank, MMM Bio 

Get SALT Encoding   

  12  0:01  SCV  
  13  0:13  SCV  
  14  0:19  Supply Depot  
  14  0:25  SCV  
  15  0:40  SCV  
  16  0:43  Barracks  
  16  0:52  SCV  
  17  1:05  SCV  
  18  1:17  SCV  
  20  1:33  Orbital Command  
  20  1:34  Marine  
  20  1:37  Command Center  
  20  1:50  Supply Depot  
  20  1:52  Marine  
  21  1:59  SCV  
  22  2:06  Refinery  
  22  2:10  Marine  
  22  2:11  SCV  
  24  2:22  Refinery  
  24  2:23  SCV  
  25  2:35  SCV  
  26  2:37  Marine  
  27  2:47  SCV  
  27  2:48  Orbital Command  
  27  2:53  Barracks  
  27  2:55  Marine  
  28  3:00  SCV  
  29  3:07  Factory  
  29  3:12  SCV, Marine  
  30  3:15  SCV  
  32  3:20  Supply Depot  
  32  3:24  SCV  
  32  3:27  SCV  
  34  3:29  Engineering Bay  
  34  3:30  Marine  
  34  3:31  Engineering Bay  
  35  3:36  SCV, Refinery  
  35  3:39  SCV  
  35  3:40  Barracks Tech Lab  
  37  3:48  SCV, Marine  
  38  3:51  SCV  
  40  3:57  Factory Tech Lab  
  40  4:00  SCV  
  41  4:03  Terran Infantry Weapons Level 1  
  41  4:05  Terran Infantry Armor Level 1, Starport  
  41  4:06  Marine  
  41  4:09  Supply Depot  
  42  4:11  Marine  
  42  4:12  SCV  
  44  4:29  Stimpack, Marine  
  44  4:30  Barracks Reactor  
  45  4:31  SCV  
  45  4:32  SCV  
  45  4:36  Supply Depot  
  47  4:43  SCV  
  47  4:44  SCV, Siege Tank  
  52  4:47  Marine  
  53  4:55  SCV  
  53  4:57  SCV  
  53  4:58  Barracks  
  55  5:00  Barracks  
  55  5:01  Refinery  
  55  5:05  Marine x2  
  55  5:06  Marine  
  58  5:07  SCV  
  58  5:08  Medivac  
  58  5:09  SCV  
  62  5:19  SCV  
  63  5:21  SCV  
  63  5:28  Marine  
  63  5:31  Command Center  
  63  5:32  SCV, Supply Depot  
  63  5:33  SCV  
  66  5:37  Siege Tank  
  66  5:39  Starport Reactor  
  69  5:47  Marine  
  69  5:48  Barracks Reactor  
  70  5:53  Supply Depot, SCV x2, Marine  
  70  5:55  Barracks Reactor, Supply Depot  
  73  6:01  Armory  
  74  6:05  SCV, Marine  
  74  6:09  Marauder  
  74  6:10  SCV  
  78  6:17  SCV  
  79  6:19  Marine  
  79  6:23  Marine  
  81  6:29  Marine x2  
  81  6:31  Marauder  
  85  6:37  Marine  
  86  6:40  Marine  
  86  6:46  Marine x2  
  82  6:47  Marine x2  
  82  6:49  Siege Tank, Medivac x2  
  82  6:50  SCV x2  
  82  6:51  Marine  
  91  6:55  Marine  
  91  6:58  Marine  
  93  7:02  SCV x2  
  93  7:04  Marine x2  
  93  7:05  Marine  
  93  7:08  Missile Turret  
  98  7:10  Missile Turret  
  98  7:14  Marine x3  
  101  7:15  Missile Turret  
  101  7:16  Supply Depot  
  101  7:17  Supply Depot, Terran Infantry Armor Level 2  
  101  7:19  Terran Infantry Weapons Level 2  
  101  7:21  Siege Tank  
  104  7:29  Orbital Command  
  104  7:30  SCV  
  104  7:31  SCV  
  104  7:35  Marine x2  
  104  7:36  Marine  
  109  7:43  SCV x2, Supply Depot  
  111  7:50  Supply Depot x2  
  111  7:52  Barracks  
  111  7:53  Medivac  
  111  7:57  Marine x3  
  116  8:12  Marine  
  116  8:13  Marine x3  
  116  8:18  Marine x2  
  116  8:19  Marine  
  123  8:23  Siege Tank, Medivac x2  
  130  8:30  Marine x2  
  130  8:31  Refinery x2, Marine x2  
  134  8:36  Marine x3  
  134  8:40  SCV x2  
  139  8:47  Barracks  
  139  8:48  Marine x3  
  133  8:49  Barracks Reactor, Marine  
  133  8:53  Medivac x2  
  133  8:54  Marine x2  
  133  8:55  Barracks Tech Lab, Siege Tank  
  141  8:59  Marine  
  141  9:06  Marine x3  
  141  9:07  Marauder  
  146  9:12  Marine x2  
  146  9:16  Marine  
  149  9:24  Marine x3  
  149  9:25  Marine  
  149  9:27  Siege Tank, Medivac x2  
  149  9:28  Marauder  
  149  9:30  Marine x2  
  162  9:34  Marine  
  162  9:41  Marine  
  162  9:42  Marine x2  
  162  9:43  Marine  
  163  9:47  Marine  
  163  9:48  Marine  
  163  9:51  Marauder  
  163  9:52  Marine  
  165  10:00  Supply Depot  
  165  10:02  Supply Depot, Barracks Tech Lab  
  165  10:05  Supply Depot, Combat Shields  
  165  10:16  Terran Infantry Weapons Level 3  
  165  10:21  Medivac x2, Marine x4  
  165  10:24  Supply Depot, Marauder x2, Marine x2  
  165  10:26  Supply Depot  
  179  10:38  Marauder  
  179  10:39  Marine x4  
  179  10:42  Marine x2  
  184  10:46  Marauder x2  
  188  10:57  Marine x4  
  188  10:59  Marine x2, Marauder  
  195  11:07  Marauder, Marine  
  198  11:15  Marine x2  
  200  11:24  Marine  
  200  11:28  Marauder x2  
  197  11:51  Marauder, Marine  
  200  11:58  Marauder x2, Marine  
  180  12:02  Marine  
  180  12:03  Marine  
  180  12:06  Marine x2  
  160  12:09  Marine  
  160  12:11  Siege Tank, Medivac x2  
  160  12:12  SCV x3, Marauder  
  156  12:16  Marine  
  156  12:18  Barracks  
  156  12:19  Barracks, Marine  
  156  12:20  Marauder x2  
  156  12:21  Marine  
  162  12:24  Marine x2  
  162  12:26  Marine  
  155  12:34  Marauder, Marine  
  158  12:37  Marine  
  158  12:39  Marine  
  158  12:41  Marine, Marauder x2  
  158  12:42  Marine  
  158  12:43  Siege Tank  
  166  12:44  Marine  
  166  12:48  Command Center  
  127  12:51  Marine  
  127  12:55  Marauder, Marine  
  127  12:57  Marine  
  122  12:59  Marine x2  
  122  13:02  Marauder, Marine  
  122  13:03  Marauder  
  104  13:09  Marine  
  88  13:13  Marine  
  88  13:14  Marine  
  88  13:17  Marine x2, Marauder  
  80  13:21  Marine  
  66  13:31  Barracks Tech Lab  
  66  13:32  Barracks Tech Lab  
Tags
 
Add a new tag
Caveats
  • Supply blocks, unpowered buildings, or Contaminate may cause inaccurate times.
  • Supply counts are checked every 10 seconds.